Thunder vs Influenza
Created - 8 novembre 2016 at 18:58
Goals
|
| Thunder |
1 |
2 |
0 |
3 |
| Influenza |
2 |
2 |
1 |
5 |
|
Shots
|
| Thunder |
11 |
11 |
8 |
30 |
| Influenza |
9 |
20 |
11 |
40 |
|
1st period
1. Thunder , Tom Pyatt 1 (Dwight King, Joey Ryan) at 5:48 (PP)
2. Influenza , Ryan Carter 5 (Jamie Benn, Jeff May) at 11:22
3. Influenza , Evgeny Grachev 5 (Martins Karsums, Mathieu Carle) at 14:32 (PP)
Penalties :
Evgeny Grachev (VJB) for Holding (Minor) at 5:19, Lars Eller (TRO) for Interference (Minor) at 7:56, Derek Forbort (TRO) for Hooking (Minor) at 13:56, Oskars Bartulis (VJB) for Hooking (Minor) at 16:07
2nd period
4. Influenza , Matt Corrente 2 (Robbie Earl, Martins Karsums) at 1:03
5. Influenza , Ben Smith 5 (Ryan Carter, Jamie Benn) at 2:27
6. Thunder , Tom Pyatt 2 (Dwight King, Brett Festerling) at 10:09
7. Thunder , Scott Parse 3 (Pierre-Alexandre Parenteau) at 19:43
Penalties :
Dwight King (TRO) for Hooking (Minor) at 2:46, Evgeny Grachev (VJB) for Slashing (Minor) at 10:12, Derek Forbort (TRO) for Hooking (Minor) at 18:48, Ryan Carter (VJB) for Charging (Minor) at 19:37
3rd period
8. Influenza , Corey Tropp 3 (Mark Scheifele) at 8:13
Penalties :
Dwight King (TRO) for Holding (Minor) at 2:22, Lars Eller (TRO) for Roughing (Minor) at 9:20
Goalie Stats
Devan Dubnyk (TRO), 14 saves from 18 shots - (0,778), L, 1-5-1, 22:27 minutes
Magnus Hellberg (TRO), 21 saves from 22 shots - (0,955), 37:33 minutes
Thomas McCollum (VJB), 27 saves from 30 shots - (0,900), W, 2-2-1, 60:00 minutes
Players Stats for Thunder
Player Name G A P +/- PIM S H SB GA TA FO MP PP MP PK MP
------------------------------------------------------------------------------------
Brett Festerling 0 1 1 -1 0 0 2 2 0 0 0/0 25:12 1:59 3:18
Casey Pierro-Zabotel 0 0 0 0 0 0 0 0 0 0 0/0 6:21 0:00 0:00
Dalton Smith 0 0 0 0 0 0 0 0 0 0 0/0 3:23 0:00 2:26
Daultan Leveillé 0 0 0 0 0 1 0 0 0 0 1/2 6:21 0:00 0:00
David Fischer 0 0 0 -1 0 2 1 3 1 0 0/0 30:14 3:17 6:03
Derek Forbort 0 0 0 0 4 1 1 1 0 0 0/0 19:34 1:59 3:05
Dwight King 0 2 2 -1 4 3 2 1 1 0 0/0 17:13 2:32 1:39
Jay Beagle 0 0 0 -1 0 1 2 0 0 0 1/1 15:16 2:32 0:00
Joe Labate 0 0 0 0 0 0 0 0 0 0 0/0 0:00 0:00 0:00
Joey Ryan 0 1 1 -1 0 3 0 0 0 1 0/0 28:45 3:17 6:03
Josiah Didier 0 0 0 -1 0 1 0 1 0 0 0/0 11:28 0:00 0:13
Kelly Zajac 0 0 0 0 0 0 0 0 0 0 0/0 2:54 0:11 0:00
Lars Eller 0 0 0 0 4 5 3 0 1 0 12/23 15:56 2:33 1:39
Magnus Paajarvi-Svensson 0 0 0 -2 0 3 3 0 1 1 0/0 14:05 0:00 1:31
Mathieu Perreault 0 0 0 -2 0 0 0 0 1 0 3/7 11:05 0:00 0:00
Pierre-Alexandre Parente 0 1 1 1 0 1 1 0 0 0 1/1 20:48 2:33 5:01
Robin Leblanc 0 0 0 -2 0 3 3 2 1 0 0/0 12:45 0:11 0:00
Ryan Nugent-Hopkins 0 0 0 0 0 1 1 0 0 0 1/1 7:31 0:11 1:47
Scott Parse 1 0 1 1 0 3 0 1 1 1 5/10 25:16 2:33 4:39
Tom Pyatt 2 0 2 -1 0 2 3 0 0 1 5/15 15:16 2:32 0:00
Players Stats for Influenza
Player Name G A P +/- PIM S H SB GA TA FO MP PP MP PK MP
------------------------------------------------------------------------------------
Andreas Engqvist 0 0 0 0 0 0 0 0 0 0 0/0 0:43 0:23 0:00
Ben Smith 1 0 1 2 0 5 0 0 2 2 1/3 20:53 4:48 1:37
Brian Salcido 0 0 0 2 0 1 3 0 0 1 0/0 12:10 0:08 0:39
Carl Gunnarsson 0 0 0 -1 0 1 5 2 0 0 0/0 19:52 3:24 2:21
Charlie Coyle 0 0 0 0 0 0 1 1 0 0 4/7 10:57 0:00 0:00
Colin McDonald 0 0 0 0 0 0 0 0 0 0 0/0 0:00 0:00 0:00
Corey Tropp 1 0 1 0 0 2 1 0 0 0 0/0 7:49 0:00 0:00
Evgeny Grachev 1 0 1 1 4 3 2 0 0 0 8/11 15:21 4:16 0:00
Iiro Pakarinen 0 0 0 0 0 0 0 0 0 0 0/0 1:32 0:00 0:53
Jacob Josefson 0 0 0 0 0 0 0 0 0 0 0/0 0:00 0:00 0:00
Jamie Benn 0 2 2 1 0 2 2 1 0 0 6/11 21:59 4:48 2:37
Jeff May 0 1 1 2 0 0 0 0 0 1 0/0 10:40 0:08 0:00
Jeremy Morin 0 0 0 0 0 4 1 1 0 0 0/0 10:57 0:00 0:00
Jordan Schroeder 0 0 0 0 0 0 0 0 0 0 0/0 0:34 0:17 0:00
Mark Scheifele 0 1 1 0 0 3 1 0 0 0 1/6 7:58 0:00 0:09
Martins Karsums 0 2 2 1 0 3 2 0 0 0 0/0 17:00 4:16 1:37
Mathieu Carle 0 1 1 1 0 3 5 1 1 1 0/0 28:54 5:49 2:55
Matt Corrente 1 0 1 1 0 2 1 4 1 1 0/0 26:21 5:49 2:55
Oskars Bartulis 0 0 0 -1 2 3 0 3 0 0 0/0 19:12 3:24 1:42
Philippe Cornet 0 0 0 0 0 0 0 0 0 0 0/0 0:00 0:00 0:00
Robbie Earl 0 1 1 0 0 1 1 1 0 1 0/0 18:28 4:23 2:46
Ryan Carter 1 1 2 2 2 2 1 0 0 0 9/20 18:45 4:51 0:00
Ryan Russell 0 0 0 0 0 1 3 0 0 0 2/2 9:21 0:00 0:53
T.J Brodie 0 0 0 0 0 1 0 0 0 0 0/0 3:07 0:00 0:00
T.J Galiardi 0 0 0 0 0 3 0 0 0 0 0/0 10:57 0:00 0:00
3 Stars
1 - Tom Pyatt (TRO)
2 - Ryan Carter (VJB)
3 - Matt Corrente (VJB)
Power Play
Thunder - 1 on 4 Attempt(s) - 25,00%
Influenza - 1 on 6 Attempt(s) - 16,67%
Penalty Kill
Thunder - 5 on 6 Attempt(s) - 83,33%
- Score 0 goal in Penalty Kill
Influenza - 3 on 4 Attempt(s) - 75,00%
- Score 0 goal in Penalty Kill
Team Stat
Thunder - Hits : 22 - Faceoff Wins : 29 - Blocked Shots : 11 - Penalty Minutes : 12
Influenza - Hits : 29 - Faceoff Wins : 31 - Blocked Shots : 14 - Penalty Minutes : 8
Official
Referees : Furlatt Eric and LaRue Dennis
Linesman : Scott Cherrey and Michel Cormier
Game Notes
Magnus Hellberg enters game at 2:27 of 2nd period
Finance
Level 1 -- Attendance: 1439 (71,95%) -- Ticket Income 57 560 $
Level 2 -- Attendance: 709 (70,90%) -- Ticket Income 14 180 $
Total Attendance: 2148 (71,60%)
Total Ticket Income: 71 740 $
Other Income: 3 587 $
Total Income: 75 327 $
Thunder
5 vs 5 Forward
Center Left Wing Right Wing Time % Phy DF OF
1 Lars Eller Scott Parse Pierre-Alexandre Parentea40 1 2 2
2 Tom Pyatt Dwight King Jay Beagle 30 1 2 2
3 Mathieu Perreault Magnus Paajarvi-Svensson Robin Leblanc 20 1 2 2
4 Daultan Leveillé Casey Pierro-Zabotel Scott Parse 10 1 2 2
5 vs 5 Defense
Defense Defense Time % Phy DF OF
1 David Fischer Joey Ryan 40 1 2 2
2 Brett Festerling Derek Forbort 30 1 2 2
3 Josiah Didier David Fischer 20 1 2 2
4 Joey Ryan Brett Festerling 10 1 2 2
PowerPlay Forward
Center Left Wing Right Wing Time % Phy DF OF
1 Lars Eller Scott Parse Pierre-Alexandre Parentea60 1 2 2
2 Tom Pyatt Dwight King Jay Beagle 40 1 2 2
PowerPlay Defense
Defense Defense Time % Phy DF OF
1 David Fischer Joey Ryan 60 1 2 2
2 Brett Festerling Derek Forbort 40 1 2 2
Penalty Kill 4 Players Forward
Center Wing Time % Phy DF OF
1 Scott Parse Pierre-Alexandre Parentea60 1 2 2
2 Dwight King Lars Eller 40 1 2 2
Penalty Kill 4 Players Defense
Defense Defense Time % Phy DF OF
1 David Fischer Joey Ryan 60 1 2 2
2 Brett Festerling Derek Forbort 40 1 2 2
Penalty Kill - 3 Players Forward
Forward Time % Phy DF OF
1 Scott Parse 60 1 2 2
2 Pierre-Alexandre Parentea 40 1 2 2
Penalty Kill - 3 Players Defense
Defense Defense Time % Phy DF OF
1 David Fischer Joey Ryan 60 1 2 2
2 Brett Festerling Derek Forbort 40 1 2 2
4 vs 4 Forward
Center Wing Time % Phy DF OF
1 Scott Parse Pierre-Alexandre Parentea60 1 2 2
2 Dwight King Lars Eller 40 1 2 2
4 vs 4 Defense
Defense Defense Time % Phy DF OF
1 David Fischer Joey Ryan 60 1 2 2
2 Brett Festerling Derek Forbort 40 1 2 2
Last Minutes Offensive
Center Left Wing Right Wing Defense Defense
Lars Eller Scott Parse Pierre-Alexandre ParenteaDavid Fischer Joey Ryan
Last Minutes Defensive
Center Left Wing Right Wing Defense Defense
Lars Eller Scott Parse Pierre-Alexandre ParenteaDavid Fischer Joey Ryan
Goaltenders
Starting : Devan Dubnyk
Backup : Magnus Hellberg
Extra Forwards
Normal : Ryan Nugent-Hopkins, Kelly Zajac, Dalton Smith - PP : Ryan Nugent-Hopkins, Kelly Zajac - PK : Dalton Smith
Extra Defensemen
Normal : Josiah Didier, Derek Forbort, David Fischer - PP : Josiah Didier - PK : Derek Forbort, David Fischer
Penalty Shots
Scott Parse, Pierre-Alexandre Parenteau, Dwight King, Lars Eller, Jay Beagle
Influenza
5 vs 5 Forward
Center Left Wing Right Wing Time % Phy DF OF
1 Ryan Carter Jamie Benn Ben Smith 40 1 2 2
2 Evgeny Grachev Robbie Earl Martins Karsums 30 1 2 2
3 Charlie Coyle T.J Galiardi Jeremy Morin 20 1 2 2
4 Mark Scheifele Ryan Russell Corey Tropp 10 1 2 2
5 vs 5 Defense
Defense Defense Time % Phy DF OF
1 Mathieu Carle Matt Corrente 40 1 2 2
2 Carl Gunnarsson Oskars Bartulis 30 1 2 2
3 Jeff May Brian Salcido 20 1 2 2
4 T.J Brodie Mathieu Carle 10 1 2 2
PowerPlay Forward
Center Left Wing Right Wing Time % Phy DF OF
1 Ryan Carter Jamie Benn Ben Smith 60 1 2 2
2 Evgeny Grachev Robbie Earl Martins Karsums 40 1 2 2
PowerPlay Defense
Defense Defense Time % Phy DF OF
1 Mathieu Carle Matt Corrente 60 1 2 2
2 Carl Gunnarsson Oskars Bartulis 40 1 2 2
Penalty Kill 4 Players Forward
Center Wing Time % Phy DF OF
1 Jamie Benn Robbie Earl 60 1 2 2
2 Ben Smith Martins Karsums 40 1 2 2
Penalty Kill 4 Players Defense
Defense Defense Time % Phy DF OF
1 Mathieu Carle Matt Corrente 60 1 2 2
2 Carl Gunnarsson Oskars Bartulis 40 1 2 2
Penalty Kill - 3 Players Forward
Forward Time % Phy DF OF
1 Jamie Benn 60 1 2 2
2 Robbie Earl 40 1 2 2
Penalty Kill - 3 Players Defense
Defense Defense Time % Phy DF OF
1 Mathieu Carle Matt Corrente 60 1 2 2
2 Carl Gunnarsson Oskars Bartulis 40 1 2 2
4 vs 4 Forward
Center Wing Time % Phy DF OF
1 Jamie Benn Robbie Earl 60 1 2 2
2 Ben Smith Martins Karsums 40 1 2 2
4 vs 4 Defense
Defense Defense Time % Phy DF OF
1 Mathieu Carle Matt Corrente 60 1 2 2
2 Carl Gunnarsson Oskars Bartulis 40 1 2 2
Last Minutes Offensive
Center Left Wing Right Wing Defense Defense
Ryan Carter Jamie Benn Ben Smith Mathieu Carle Matt Corrente
Last Minutes Defensive
Center Left Wing Right Wing Defense Defense
Ryan Carter Jamie Benn Ben Smith Mathieu Carle Matt Corrente
Goaltenders
Starting : Thomas McCollum
Backup : Olivier Roy
Extra Forwards
Normal : Andreas Engqvist, Jordan Schroeder, Iiro Pakarinen - PP : Andreas Engqvist, Jordan Schroeder - PK : Iiro Pakarinen
Extra Defensemen
Normal : Jeff May, Brian Salcido, T.J Brodie - PP : Jeff May - PK : Brian Salcido, T.J Brodie
Penalty Shots
Jamie Benn, Robbie Earl, Ben Smith, Martins Karsums, Ryan Carter
% Time on Ice - Thunder
Lines # - Real PCT - Wanted PCT - Time Play
Normal Forward
1 - 30% - 40% - 13:06
2 - 31% - 30% - 13:41
3 - 25% - 20% - 11:05
4 - 14% - 10% - 6:21
Normal Defense
1 - 32% - 40% - 14:01
2 - 36% - 30% - 16:06
3 - 22% - 20% - 9:52
4 - 10% - 10% - 4:14
PP Forward
1 - 52% - 60% - 2:44
2 - 48% - 40% - 2:32
PP Defense
1 - 62% - 60% - 3:17
2 - 38% - 40% - 1:59
PK Forward
1 - 68% - 60% - 6:24
2 - 32% - 40% - 2:57
PK Defense
1 - 65% - 60% - 6:03
2 - 35% - 40% - 3:18
PK3 Forward
1 - 0% - 60%
2 - 0% - 40%
PK3 Defense
1 - 0% - 60%
2 - 0% - 40%
44 Forward
1 - 100% - 60% - 1:10
2 - 0% - 40% - 0:00
44 Defense
1 - 100% - 60% - 1:10
2 - 0% - 40% - 0:00
Last Minute Offensive - 0:00
Last Minute Defensive - 0:00
Total
Forward - 60:00
Defense - 60:00
|
% Time on Ice - Influenza
Lines # - Real PCT - Wanted PCT - Time Play
Normal Forward
1 - 32% - 40% - 14:14
2 - 25% - 30% - 11:13
3 - 25% - 20% - 10:57
4 - 18% - 10% - 7:49
Normal Defense
1 - 38% - 40% - 16:51
2 - 32% - 30% - 14:07
3 - 23% - 20% - 10:08
4 - 7% - 10% - 3:07
PP Forward
1 - 53% - 60% - 4:58
2 - 47% - 40% - 4:23
PP Defense
1 - 64% - 60% - 5:57
2 - 36% - 40% - 3:24
PK Forward
1 - 69% - 60% - 3:39
2 - 31% - 40% - 1:37
PK Defense
1 - 55% - 60% - 2:55
2 - 45% - 40% - 2:21
PK3 Forward
1 - 0% - 60%
2 - 0% - 40%
PK3 Defense
1 - 0% - 60%
2 - 0% - 40%
44 Forward
1 - 100% - 60% - 1:10
2 - 0% - 40% - 0:00
44 Defense
1 - 100% - 60% - 1:10
2 - 0% - 40% - 0:00
Last Minute Offensive - 0:00
Last Minute Defensive - 0:00
Total
Forward - 60:00
Defense - 60:00
|
Play by Play
1st period
0:01 of 1st period - Lars Eller wins face-off versus Ryan Carter in neutral zone.
2:47 of 1st period - Slapshot by Martins Karsums.
2:47 of 1st period - Deflect By Robbie Earl.
2:47 of 1st period - Shot Misses the Net.
2:47 of 1st period - Puck is out of play.
2:48 of 1st period - Evgeny Grachev wins face-off versus Daultan Leveillé in Thunder zone.
2:49 of 1st period - Snap shot by Martins Karsums.
2:49 of 1st period - Deflect By Evgeny Grachev.
2:49 of 1st period - Shot Blocked by David Fischer.
2:49 of 1st period - Puck is out of play.
2:50 of 1st period - Daultan Leveillé wins face-off versus Evgeny Grachev in Thunder zone.
2:56 of 1st period - Icing by Robbie Earl.
2:57 of 1st period - Evgeny Grachev wins face-off versus Lars Eller in Influenza zone.
3:12 of 1st period - Pierre-Alexandre Parenteau is hit by Robbie Earl and loses puck.
3:59 of 1st period - Slapshot by T.J Galiardi.
3:59 of 1st period - Stopped by Devan Dubnyk without a rebound.
4:00 of 1st period - Ryan Russell wins face-off versus Lars Eller in Thunder zone.
4:09 of 1st period - Snap shot by Mark Scheifele.
4:09 of 1st period - Deflect By Lars Eller.
4:09 of 1st period - Stopped by Devan Dubnyk with a rebound.
4:38 of 1st period - Snap shot by Ryan Carter.
4:38 of 1st period - Shot Blocked by Robin Leblanc.
4:57 of 1st period - Snap shot by Jeremy Morin.
4:57 of 1st period - Stopped by Devan Dubnyk without a rebound.
4:58 of 1st period - Evgeny Grachev wins face-off versus Lars Eller in Thunder zone.
5:13 of 1st period - Snap shot by Scott Parse.
5:13 of 1st period - Shot Misses the Net.
5:19 of 1st period - Minor Penalty to Evgeny Grachev for Holding.
5:20 of 1st period - Jamie Benn wins face-off versus Lars Eller in Influenza zone.
5:48 of 1st period - Snap shot by Tom Pyatt.
5:48 of 1st period - Goal by Tom Pyatt - Thunder : 1 - Influenza : 0.
5:49 of 1st period - Lars Eller wins face-off versus Ben Smith in neutral zone.
7:22 of 1st period - Snap shot by Dwight King.
7:22 of 1st period - Shot Misses the Net.
7:24 of 1st period - Snap shot by Brett Festerling.
7:24 of 1st period - Shot Blocked by Carl Gunnarsson.
7:26 of 1st period - Wrist shot by Dwight King.
7:26 of 1st period - Stopped by Thomas McCollum with a rebound.
7:36 of 1st period - Wrist shot by Lars Eller.
7:36 of 1st period - Shot Blocked by Charlie Coyle.
7:50 of 1st period - Snap shot by Jeremy Morin.
7:50 of 1st period - Stopped by Devan Dubnyk with a rebound.
7:56 of 1st period - Minor Penalty to Lars Eller for Interference.
7:57 of 1st period - Scott Parse wins face-off versus Ryan Carter in Thunder zone.
8:20 of 1st period - Joey Ryan is hit by Carl Gunnarsson.
9:55 of 1st period - Mathieu Carle is hit by Ryan Nugent-Hopkins and loses puck.
9:56 of 1st period - Penalty to Lars Eller is over, Lars Eller is back on ice.
10:27 of 1st period - Joey Ryan is hit by Ryan Russell and loses puck.
10:43 of 1st period - Icing by Brett Festerling.
10:44 of 1st period - Tom Pyatt wins face-off versus Charlie Coyle in Thunder zone.
11:09 of 1st period - Robin Leblanc is hit by Carl Gunnarsson and loses puck.
11:14 of 1st period - Snap shot by Ryan Carter.
11:14 of 1st period - Shot Blocked by Brett Festerling.
11:16 of 1st period - Slapshot by Jeff May.
11:16 of 1st period - Shot Blocked by Robin Leblanc.
11:18 of 1st period - Snap shot by Ryan Carter.
11:18 of 1st period - Shot Misses the Net.
11:20 of 1st period - Wrist shot by Jamie Benn.
11:20 of 1st period - Stopped by Devan Dubnyk with a rebound.
11:22 of 1st period - Slapshot by Ryan Carter.
11:22 of 1st period - Goal by Ryan Carter - Thunder : 1 - Influenza : 1.
11:23 of 1st period - Lars Eller wins face-off versus Ryan Carter in neutral zone.
11:30 of 1st period - Snap shot by Jamie Benn.
11:30 of 1st period - Shot Blocked by David Fischer.
11:48 of 1st period - Dwight King is hit by Evgeny Grachev and loses puck.
12:09 of 1st period - Charlie Coyle is hit by Brett Festerling and loses puck.
12:22 of 1st period - Snap shot by Mathieu Perreault.
12:22 of 1st period - Deflect By T.J Galiardi.
12:22 of 1st period - Shot Blocked by Jeremy Morin.
12:22 of 1st period - Puck is out of play.
12:23 of 1st period - Lars Eller wins face-off versus Ben Smith in Influenza zone.
12:32 of 1st period - Wrist shot by Pierre-Alexandre Parenteau.
12:32 of 1st period - Shot Misses the Net.
12:34 of 1st period - Slapshot by Lars Eller.
12:34 of 1st period - Deflect By Scott Parse.
12:34 of 1st period - Shot Misses the Net.
12:34 of 1st period - Puck is out of play.
12:35 of 1st period - Ryan Carter wins face-off versus Lars Eller in Influenza zone.
12:44 of 1st period - Snap shot by Ryan Carter.
12:44 of 1st period - Shot Misses the Net.
12:46 of 1st period - Slapshot by Mathieu Carle.
12:46 of 1st period - Stopped by Devan Dubnyk with a rebound.
13:00 of 1st period - Matt Corrente is hit by Tom Pyatt and loses puck.
13:05 of 1st period - Snap shot by Dwight King.
13:05 of 1st period - Shot Blocked by Mathieu Carle.
13:27 of 1st period - Snap shot by Robin Leblanc.
13:27 of 1st period - Stopped by Thomas McCollum with a rebound.
13:29 of 1st period - Slapshot by Brett Festerling.
13:29 of 1st period - Deflect By Magnus Paajarvi-Svensson.
13:29 of 1st period - Shot Misses the Net.
13:29 of 1st period - Puck is out of play.
13:30 of 1st period - Lars Eller wins face-off versus Ryan Carter in Influenza zone.
13:33 of 1st period - Wrist shot by Lars Eller.
13:33 of 1st period - Shot Blocked by Jamie Benn.
13:39 of 1st period - Slapshot by Lars Eller.
13:39 of 1st period - Shot Misses the Net.
13:56 of 1st period - Minor Penalty to Derek Forbort for Hooking.
13:57 of 1st period - Pierre-Alexandre Parenteau wins face-off versus Ryan Carter in Thunder zone.
14:32 of 1st period - Snap shot by Evgeny Grachev.
14:32 of 1st period - Goal by Evgeny Grachev - Thunder : 1 - Influenza : 2.
14:33 of 1st period - Lars Eller wins face-off versus Ryan Carter in neutral zone.
14:44 of 1st period - Slapshot by Lars Eller.
14:44 of 1st period - Stopped by Thomas McCollum without a rebound.
14:45 of 1st period - Ryan Carter wins face-off versus Lars Eller in Influenza zone.
15:05 of 1st period - Jamie Benn is hit by Pierre-Alexandre Parenteau and loses puck.
15:43 of 1st period - Backhand shot by Ryan Carter.
15:43 of 1st period - Shot Misses the Net.
15:45 of 1st period - Snap shot by Mathieu Carle.
15:45 of 1st period - Deflect By Lars Eller.
15:45 of 1st period - Stopped by Devan Dubnyk without a rebound.
15:46 of 1st period - Evgeny Grachev wins face-off versus Tom Pyatt in Thunder zone.
15:49 of 1st period - Wrist shot by Martins Karsums.
15:49 of 1st period - Shot Misses the Net.
16:07 of 1st period - Minor Penalty to Oskars Bartulis for Hooking.
16:08 of 1st period - Tom Pyatt wins face-off versus Jamie Benn in Influenza zone.
16:09 of 1st period - Slapshot by Jay Beagle.
16:09 of 1st period - Deflect By Robbie Earl.
16:09 of 1st period - Stopped by Thomas McCollum with a rebound.
16:11 of 1st period - Slapshot by Joey Ryan.
16:11 of 1st period - Stopped by Thomas McCollum with a rebound.
16:13 of 1st period - Slapshot by David Fischer.
16:13 of 1st period - Shot Blocked by Matt Corrente.
16:15 of 1st period - Wrist shot by Dwight King.
16:15 of 1st period - Stopped by Thomas McCollum with a rebound.
16:17 of 1st period - Slapshot by Tom Pyatt.
16:17 of 1st period - Shot Blocked by Matt Corrente.
16:19 of 1st period - Slapshot by Joey Ryan.
16:19 of 1st period - Stopped by Thomas McCollum without a rebound.
16:20 of 1st period - Lars Eller wins face-off versus Jamie Benn in Influenza zone.
16:21 of 1st period - Snap shot by Scott Parse.
16:21 of 1st period - Stopped by Thomas McCollum with a rebound.
16:47 of 1st period - Jamie Benn is hit by Jay Beagle and loses puck.
17:50 of 1st period - Ryan Russell is hit by Tom Pyatt and loses puck.
18:07 of 1st period - Penalty to Oskars Bartulis is over, Oskars Bartulis is back on ice.
18:23 of 1st period - Snap shot by Magnus Paajarvi-Svensson.
18:23 of 1st period - Stopped by Thomas McCollum without a rebound.
18:24 of 1st period - Charlie Coyle wins face-off versus Mathieu Perreault in Influenza zone.
18:41 of 1st period - Brett Festerling is hit by Jeremy Morin and loses puck.
19:03 of 1st period - Wrist shot by Magnus Paajarvi-Svensson.
19:03 of 1st period - Stopped by Thomas McCollum without a rebound.
19:04 of 1st period - Ryan Carter wins face-off versus Lars Eller in Influenza zone.
19:13 of 1st period - Snap shot by Jamie Benn.
19:13 of 1st period - Shot Hit the Post.
19:15 of 1st period - Snap shot by Jamie Benn.
19:15 of 1st period - Shot Misses the Net.
19:50 of 1st period - Wrist shot by Lars Eller.
19:50 of 1st period - Deflect By Matt Corrente.
19:50 of 1st period - Shot Blocked by Matt Corrente.
19:50 of 1st period - Puck is out of play.
19:51 of 1st period - Ryan Carter wins face-off versus Tom Pyatt in Influenza zone.
Goals for this period are 1 for Thunder vs 2 for Influenza.
Shots for this period are 11 for Thunder vs 9 for Influenza.
2nd period
0:01 of 2nd period - Lars Eller wins face-off versus Ryan Carter in neutral zone.
0:15 of 2nd period - Off-side.
0:16 of 2nd period - Evgeny Grachev wins face-off versus Tom Pyatt in neutral zone.
0:19 of 2nd period - Snap shot by Evgeny Grachev.
0:19 of 2nd period - Stopped by Devan Dubnyk with a rebound.
0:21 of 2nd period - Snap shot by Robbie Earl.
0:21 of 2nd period - Stopped by Devan Dubnyk without a rebound.
0:22 of 2nd period - Jay Beagle wins face-off versus Evgeny Grachev in Thunder zone.
0:29 of 2nd period - Wrist shot by Dwight King.
0:29 of 2nd period - Shot Misses the Net.
0:41 of 2nd period - David Fischer is hit by Evgeny Grachev.
0:59 of 2nd period - Snap shot by Robbie Earl.
0:59 of 2nd period - Shot Misses the Net.
1:01 of 2nd period - Slapshot by Matt Corrente.
1:01 of 2nd period - Stopped by Devan Dubnyk with a rebound.
1:03 of 2nd period - Slapshot by Matt Corrente.
1:03 of 2nd period - Goal by Matt Corrente - Thunder : 1 - Influenza : 3.
1:04 of 2nd period - Lars Eller wins face-off versus Jamie Benn in neutral zone.
1:07 of 2nd period - Carl Gunnarsson is hit by Lars Eller and loses puck.
1:30 of 2nd period - Oskars Bartulis is hit by Robin Leblanc.
1:34 of 2nd period - Wrist shot by Magnus Paajarvi-Svensson.
1:34 of 2nd period - Stopped by Thomas McCollum with a rebound.
1:47 of 2nd period - Icing by Carl Gunnarsson.
1:48 of 2nd period - Tom Pyatt wins face-off versus Mark Scheifele in Influenza zone.
2:15 of 2nd period - Snap shot by Mark Scheifele.
2:15 of 2nd period - Stopped by Devan Dubnyk with a rebound.
2:17 of 2nd period - Slapshot by Carl Gunnarsson.
2:17 of 2nd period - Shot Misses the Net.
2:19 of 2nd period - Slapshot by Oskars Bartulis.
2:19 of 2nd period - Stopped by Devan Dubnyk with a rebound.
2:21 of 2nd period - Slapshot by Oskars Bartulis.
2:21 of 2nd period - Stopped by Devan Dubnyk with a rebound.
2:23 of 2nd period - Wrist shot by Corey Tropp.
2:23 of 2nd period - Stopped by Devan Dubnyk without a rebound.
2:24 of 2nd period - Jamie Benn wins face-off versus Tom Pyatt in Thunder zone.
2:25 of 2nd period - Wrist shot by Ryan Carter.
2:25 of 2nd period - Shot Blocked by Derek Forbort.
2:27 of 2nd period - Slapshot by Ben Smith.
2:27 of 2nd period - Goal by Ben Smith - Thunder : 1 - Influenza : 4.
2:27 of 2nd period - Magnus Hellberg enters game.
2:28 of 2nd period - Lars Eller wins face-off versus Jamie Benn in neutral zone.
2:41 of 2nd period - Snap shot by Ryan Carter.
2:41 of 2nd period - Deflect By Ben Smith.
2:41 of 2nd period - Stopped by Magnus Hellberg without a rebound.
2:42 of 2nd period - Evgeny Grachev wins face-off versus Tom Pyatt in Thunder zone.
2:46 of 2nd period - Minor Penalty to Dwight King for Hooking.
2:47 of 2nd period - Ryan Carter wins face-off versus Scott Parse in Thunder zone.
3:03 of 2nd period - Snap shot by Jamie Benn.
3:03 of 2nd period - Shot Misses the Net.
3:13 of 2nd period - Scott Parse is hit by Martins Karsums and loses puck.
3:32 of 2nd period - Derek Forbort is hit by Carl Gunnarsson and loses puck.
3:47 of 2nd period - Scott Parse is hit by Mathieu Carle and loses puck.
4:03 of 2nd period - Martins Karsums is hit by Lars Eller and loses puck.
4:46 of 2nd period - Penalty to Dwight King is over, Dwight King is back on ice.
5:20 of 2nd period - Charlie Coyle is hit by Robin Leblanc and loses puck.
5:37 of 2nd period - Backhand shot by Jeremy Morin.
5:37 of 2nd period - Stopped by Magnus Hellberg with a rebound.
5:47 of 2nd period - Scott Parse is hit by Brian Salcido and loses puck.
6:08 of 2nd period - Snap shot by T.J Galiardi.
6:08 of 2nd period - Stopped by Magnus Hellberg with a rebound.
6:10 of 2nd period - Snap shot by T.J Galiardi.
6:10 of 2nd period - Shot Misses the Net.
6:20 of 2nd period - Snap shot by Jeremy Morin.
6:20 of 2nd period - Shot Blocked by Josiah Didier.
6:24 of 2nd period - Snap shot by T.J Galiardi.
6:24 of 2nd period - Shot Misses the Net.
6:26 of 2nd period - Slapshot by Carl Gunnarsson.
6:26 of 2nd period - Stopped by Magnus Hellberg with a rebound.
6:28 of 2nd period - Backhand shot by T.J Brodie.
6:28 of 2nd period - Deflect By Scott Parse.
6:28 of 2nd period - Stopped by Magnus Hellberg with a rebound.
6:30 of 2nd period - Snap shot by Jeremy Morin.
6:30 of 2nd period - Shot Blocked by Scott Parse.
6:55 of 2nd period - Off-side.
6:56 of 2nd period - Ryan Carter wins face-off versus Tom Pyatt in neutral zone.
7:29 of 2nd period - Snap shot by Robin Leblanc.
7:29 of 2nd period - Stopped by Thomas McCollum without a rebound.
7:30 of 2nd period - Evgeny Grachev wins face-off versus Tom Pyatt in Influenza zone.
7:39 of 2nd period - Tom Pyatt is hit by Brian Salcido.
8:31 of 2nd period - Wrist shot by Ryan Russell.
8:31 of 2nd period - Stopped by Magnus Hellberg without a rebound.
8:32 of 2nd period - Lars Eller wins face-off versus Mark Scheifele in Thunder zone.
8:32 of 2nd period - Lars Eller is hit by Carl Gunnarsson.
8:37 of 2nd period - Joey Ryan is hit by Mark Scheifele and loses puck.
9:12 of 2nd period - Ben Smith is hit by Dwight King and loses puck.
9:43 of 2nd period - Brett Festerling is hit by Mathieu Carle.
10:05 of 2nd period - Slapshot by Brett Festerling.
10:05 of 2nd period - Shot Blocked by Carl Gunnarsson.
10:07 of 2nd period - Snap shot by Dwight King.
10:07 of 2nd period - Stopped by Thomas McCollum with a rebound.
10:09 of 2nd period - Wrist shot by Tom Pyatt.
10:09 of 2nd period - Goal by Tom Pyatt - Thunder : 2 - Influenza : 4.
10:10 of 2nd period - Evgeny Grachev wins face-off versus Lars Eller in neutral zone.
10:12 of 2nd period - Minor Penalty to Evgeny Grachev for Slashing.
10:13 of 2nd period - Jamie Benn wins face-off versus Lars Eller in Influenza zone.
11:16 of 2nd period - Matt Corrente is hit by Lars Eller.
12:12 of 2nd period - Penalty to Evgeny Grachev is over, Evgeny Grachev is back on ice.
13:08 of 2nd period - Slapshot by Ben Smith.
13:08 of 2nd period - Stopped by Magnus Hellberg with a rebound.
13:15 of 2nd period - Icing by David Fischer.
13:16 of 2nd period - Ryan Nugent-Hopkins wins face-off versus Charlie Coyle in Thunder zone.
13:27 of 2nd period - Wrist shot by Ryan Nugent-Hopkins.
13:27 of 2nd period - Stopped by Thomas McCollum without a rebound.
13:28 of 2nd period - Charlie Coyle wins face-off versus Lars Eller in Influenza zone.
13:37 of 2nd period - Snap shot by Lars Eller.
13:37 of 2nd period - Stopped by Thomas McCollum with a rebound.
13:39 of 2nd period - Snap shot by Lars Eller.
13:39 of 2nd period - Shot Misses the Net.
13:41 of 2nd period - Wrist shot by Lars Eller.
13:41 of 2nd period - Shot Misses the Net.
13:43 of 2nd period - Snap shot by Pierre-Alexandre Parenteau.
13:43 of 2nd period - Stopped by Thomas McCollum without a rebound.
13:44 of 2nd period - Mark Scheifele wins face-off versus Tom Pyatt in Influenza zone.
14:34 of 2nd period - David Fischer is hit by Carl Gunnarsson.
14:46 of 2nd period - Snap shot by Martins Karsums.
14:46 of 2nd period - Stopped by Magnus Hellberg with a rebound.
14:48 of 2nd period - Snap shot by Ryan Russell.
14:48 of 2nd period - Shot Blocked by David Fischer.
14:50 of 2nd period - Slapshot by Oskars Bartulis.
14:50 of 2nd period - Stopped by Magnus Hellberg without a rebound.
14:51 of 2nd period - Ryan Russell wins face-off versus Lars Eller in Thunder zone.
15:02 of 2nd period - Snap shot by Lars Eller.
15:02 of 2nd period - Shot Blocked by Matt Corrente.
15:06 of 2nd period - Snap shot by Lars Eller.
15:06 of 2nd period - Stopped by Thomas McCollum without a rebound.
15:07 of 2nd period - Ben Smith wins face-off versus Tom Pyatt in Influenza zone.
15:20 of 2nd period - Brett Festerling is hit by Jamie Benn and loses puck.
15:43 of 2nd period - Snap shot by Martins Karsums.
15:43 of 2nd period - Stopped by Magnus Hellberg with a rebound.
16:08 of 2nd period - Icing by Magnus Paajarvi-Svensson.
16:09 of 2nd period - Ryan Carter wins face-off versus Mathieu Perreault in Thunder zone.
16:10 of 2nd period - Slapshot by Ben Smith.
16:10 of 2nd period - Shot Misses the Net.
16:41 of 2nd period - Snap shot by Evgeny Grachev.
16:41 of 2nd period - Stopped by Magnus Hellberg with a rebound.
17:55 of 2nd period - Evgeny Grachev is hit by Tom Pyatt and loses puck.
18:14 of 2nd period - Casey Pierro-Zabotel is hit by Jamie Benn and loses puck.
18:26 of 2nd period - Off-side.
18:27 of 2nd period - Mathieu Perreault wins face-off versus Mark Scheifele in neutral zone.
18:30 of 2nd period - Brian Salcido is hit by Magnus Paajarvi-Svensson and loses puck.
18:37 of 2nd period - Magnus Paajarvi-Svensson is hit by Ryan Russell and loses puck.
18:48 of 2nd period - Minor Penalty to Derek Forbort for Hooking.
18:49 of 2nd period - Scott Parse wins face-off versus Ryan Carter in Thunder zone.
19:37 of 2nd period - Minor Penalty to Ryan Carter for Charging.
19:38 of 2nd period - Jamie Benn wins face-off versus Scott Parse in Influenza zone.
19:43 of 2nd period - Slapshot by Scott Parse.
19:43 of 2nd period - Goal by Scott Parse - Thunder : 3 - Influenza : 4.
19:44 of 2nd period - Jamie Benn wins face-off versus Scott Parse in neutral zone.
19:55 of 2nd period - Slapshot by David Fischer.
19:55 of 2nd period - Stopped by Thomas McCollum with a rebound.
19:57 of 2nd period - Slapshot by Joey Ryan.
19:57 of 2nd period - Deflect By Mathieu Carle.
19:57 of 2nd period - Stopped by Thomas McCollum with a rebound.
Goals for this period are 2 for Thunder vs 2 for Influenza.
Shots for this period are 11 for Thunder vs 20 for Influenza.
3rd period
0:01 of 3rd period - Jamie Benn wins face-off versus Scott Parse in neutral zone.
0:08 of 3rd period - Snap shot by Pierre-Alexandre Parenteau.
0:08 of 3rd period - Shot Misses the Net.
0:10 of 3rd period - Snap shot by David Fischer.
0:10 of 3rd period - Shot Blocked by Robbie Earl.
0:12 of 3rd period - Wrist shot by David Fischer.
0:12 of 3rd period - Shot Misses the Net.
0:14 of 3rd period - Snap shot by David Fischer.
0:14 of 3rd period - Stopped by Thomas McCollum without a rebound.
0:15 of 3rd period - Scott Parse wins face-off versus Jamie Benn in Influenza zone.
0:26 of 3rd period - Snap shot by Robbie Earl.
0:26 of 3rd period - Shot Misses the Net.
0:48 of 3rd period - Penalty to Derek Forbort is over, Derek Forbort is back on ice.
1:04 of 3rd period - Slapshot by Carl Gunnarsson.
1:04 of 3rd period - Shot Blocked by Dwight King.
1:37 of 3rd period - Penalty to Ryan Carter is over, Ryan Carter is back on ice.
2:01 of 3rd period - Icing by Ryan Carter.
2:02 of 3rd period - Scott Parse wins face-off versus Charlie Coyle in Influenza zone.
2:03 of 3rd period - Slapshot by Daultan Leveillé.
2:03 of 3rd period - Stopped by Thomas McCollum with a rebound.
2:07 of 3rd period - Slapshot by Scott Parse.
2:07 of 3rd period - Stopped by Thomas McCollum with a rebound.
2:09 of 3rd period - Slapshot by Josiah Didier.
2:09 of 3rd period - Stopped by Thomas McCollum with a rebound.
2:22 of 3rd period - Minor Penalty to Dwight King for Holding.
2:23 of 3rd period - Scott Parse wins face-off versus Ryan Carter in Thunder zone.
2:23 of 3rd period - Scott Parse is hit by Mathieu Carle.
2:54 of 3rd period - Pierre-Alexandre Parenteau is hit by Mathieu Carle and loses puck.
4:22 of 3rd period - Penalty to Dwight King is over, Dwight King is back on ice.
4:39 of 3rd period - Jay Beagle is hit by Charlie Coyle and loses puck.
4:49 of 3rd period - Icing by Dwight King.
4:50 of 3rd period - Mathieu Perreault wins face-off versus Mark Scheifele in Thunder zone.
5:35 of 3rd period - Oskars Bartulis is hit by David Fischer and loses puck.
5:42 of 3rd period - Wrist shot by Lars Eller.
5:42 of 3rd period - Stopped by Thomas McCollum with a rebound.
5:44 of 3rd period - Slapshot by Joey Ryan.
5:44 of 3rd period - Shot Blocked by Oskars Bartulis.
6:01 of 3rd period - Snap shot by Ryan Carter.
6:01 of 3rd period - Stopped by Magnus Hellberg with a rebound.
6:03 of 3rd period - Snap shot by Ben Smith.
6:03 of 3rd period - Stopped by Magnus Hellberg with a rebound.
6:05 of 3rd period - Slapshot by Brian Salcido.
6:05 of 3rd period - Stopped by Magnus Hellberg without a rebound.
6:06 of 3rd period - Tom Pyatt wins face-off versus Evgeny Grachev in Thunder zone.
6:56 of 3rd period - Slapshot by Mark Scheifele.
6:56 of 3rd period - Stopped by Magnus Hellberg without a rebound.
6:57 of 3rd period - Mathieu Perreault wins face-off versus Mark Scheifele in Thunder zone.
6:57 of 3rd period - Mathieu Perreault is hit by Mathieu Carle.
7:03 of 3rd period - Ryan Russell is hit by Magnus Paajarvi-Svensson and loses puck.
7:20 of 3rd period - Snap shot by Mark Scheifele.
7:20 of 3rd period - Shot Misses the Net.
8:13 of 3rd period - Wrist shot by Corey Tropp.
8:13 of 3rd period - Goal by Corey Tropp - Thunder : 3 - Influenza : 5.
8:14 of 3rd period - Lars Eller wins face-off versus Ryan Carter in neutral zone.
8:51 of 3rd period - Martins Karsums is hit by Derek Forbort and loses puck.
9:20 of 3rd period - Minor Penalty to Lars Eller for Roughing.
9:21 of 3rd period - Ryan Carter wins face-off versus Scott Parse in Thunder zone.
9:36 of 3rd period - Snap shot by Jamie Benn.
9:36 of 3rd period - Shot Misses the Net.
11:20 of 3rd period - Penalty to Lars Eller is over, Lars Eller is back on ice.
11:29 of 3rd period - Slapshot by Joey Ryan.
11:29 of 3rd period - Shot Blocked by Oskars Bartulis.
11:40 of 3rd period - Robin Leblanc is hit by Brian Salcido and loses puck.
11:58 of 3rd period - Dwight King is hit by Ryan Russell and loses puck.
12:26 of 3rd period - Mathieu Carle is hit by Robin Leblanc and loses puck.
13:09 of 3rd period - Derek Forbort is hit by Martins Karsums and loses puck.
13:56 of 3rd period - Scott Parse is hit by Corey Tropp and loses puck.
14:21 of 3rd period - Slapshot by T.J Galiardi.
14:21 of 3rd period - Stopped by Magnus Hellberg with a rebound.
14:36 of 3rd period - Daultan Leveillé is hit by Matt Corrente and loses puck.
15:02 of 3rd period - Ryan Nugent-Hopkins is hit by Ryan Carter and loses puck.
15:09 of 3rd period - Jamie Benn is hit by Brett Festerling and loses puck.
15:24 of 3rd period - Snap shot by Daultan Leveillé.
15:24 of 3rd period - Shot Misses the Net.
15:26 of 3rd period - Snap shot by Casey Pierro-Zabotel.
15:26 of 3rd period - Shot Misses the Net.
15:28 of 3rd period - Wrist shot by Brett Festerling.
15:28 of 3rd period - Shot Blocked by Oskars Bartulis.
15:30 of 3rd period - Slapshot by Derek Forbort.
15:30 of 3rd period - Stopped by Thomas McCollum without a rebound.
15:31 of 3rd period - Charlie Coyle wins face-off versus Mathieu Perreault in Influenza zone.
15:40 of 3rd period - Snap shot by Robin Leblanc.
15:40 of 3rd period - Stopped by Thomas McCollum with a rebound.
16:22 of 3rd period - Brian Salcido is hit by Magnus Paajarvi-Svensson and loses puck.
16:33 of 3rd period - Snap shot by Martins Karsums.
16:33 of 3rd period - Stopped by Magnus Hellberg with a rebound.
16:57 of 3rd period - Snap shot by Ben Smith.
16:57 of 3rd period - Shot Blocked by Brett Festerling.
16:59 of 3rd period - Slapshot by Carl Gunnarsson.
16:59 of 3rd period - Deflect By Ryan Carter.
16:59 of 3rd period - Shot Misses the Net.
16:59 of 3rd period - Puck is out of play.
17:00 of 3rd period - Charlie Coyle wins face-off versus Tom Pyatt in Thunder zone.
17:13 of 3rd period - Backhand shot by Jeremy Morin.
17:13 of 3rd period - Stopped by Magnus Hellberg without a rebound.
17:14 of 3rd period - Ryan Carter wins face-off versus Mathieu Perreault in Thunder zone.
17:17 of 3rd period - Snap shot by Ryan Carter.
17:17 of 3rd period - Shot Misses the Net.
17:19 of 3rd period - Slapshot by Mathieu Carle.
17:19 of 3rd period - Stopped by Magnus Hellberg with a rebound.
17:21 of 3rd period - Slapshot by Jamie Benn.
17:21 of 3rd period - Stopped by Magnus Hellberg with a rebound.
17:23 of 3rd period - Wrist shot by Ben Smith.
17:23 of 3rd period - Stopped by Magnus Hellberg with a rebound.
17:52 of 3rd period - Carl Gunnarsson is hit by Jay Beagle and loses puck.
18:12 of 3rd period - Snap shot by Lars Eller.
18:12 of 3rd period - Stopped by Thomas McCollum with a rebound.
18:27 of 3rd period - Ben Smith is hit by Dwight King and loses puck.
19:14 of 3rd period - Snap shot by T.J Galiardi.
19:14 of 3rd period - Shot Misses the Net.
19:25 of 3rd period - Icing by Mathieu Carle.
19:26 of 3rd period - Tom Pyatt wins face-off versus Ryan Carter in Influenza zone.
Goals for this period are 0 for Thunder vs 1 for Influenza.
Shots for this period are 8 for Thunder vs 11 for Influenza.
Back to the Top